AoeStats
← tmonteiro

Arabia

508080823Analyzed
3v3 RM · 11d ago on Sep 20, 2026· 39m 37s· 6 players
Game mode
Random Map
Map size
Normal (6 player)
Population
200
Speed
Normal
Resources
Standard
Victory
Conquest
Starting age
Dark Age
Ending age
Imperial Age
RankedLock teamsTeams togetherTeam positionsShared explorationLock speedFull tech treeHidden civsTurbo modeCheats
Victory
Defeat
🇧🇷 Ethiopians · Brazil
1340
+12
🇧🇷 Britons · Brazil
1254
+16
🇧🇷 Mongols · Brazil
1176
+19
🇵🇹 Wu · Portugal
1361
-20
🇵🇹 Franks · Portugal
1221
-24
🇵🇹 Vietnamese · Portugal
1168
-12
KardeiRa !
6:10 Loom
8:39 Feudal Age
8:57 Man-at-Arms
9:24 Double-Bit Axe
20:31 Castle Age
19:07 Scale Mail Armor
19:04 Horse Collar
19:17 Gold Mining
20:12 Forging
21:28 Bow Saw
21:31 Squires
22:38 Chain Mail Armor
24:57 Elite Skirmisher
25:39 Arson
26:36 Fletching
33:47 Long Swordsman
33:51 Pikeman
39:29 Wheelbarrow
tmonteiro
4:07 Loom
9:29 Feudal Age
10:04 Double-Bit Axe
11:09 Wheelbarrow
17:59 Scale Barding Armor
18:24 Forging
23:31 Castle Age
21:41 Fletching
27:33 Hand Cart
29:13 Husbandry
29:52 Light Cavalry
31:00 Chain Barding Armor
31:18 Town Watch
36:32 Iron Casting
Pyeka
7:37 Loom
10:20 Feudal Age
17:43 Fletching
17:53 Padded Archer Armor
23:42 Castle Age
23:40 Double-Bit Axe
24:38 Leather Archer Armor
24:34 Forging
24:11 Elite Skirmisher
25:03 Bodkin Arrow
30:39 Thumb Ring
32:56 Horse Collar
34:56 Bow Saw
36:38 Wheelbarrow
38:44 Hand Cart
VkA | Jejé
7:55 Loom
8:29 Loom
10:16 Feudal Age
17:37 Castle Age
17:42 Double-Bit Axe
17:41 Horse Collar
19:48 Husbandry
22:20 Scale Barding Armor
23:52 Bloodlines
26:23 Forging
31:48 Iron Casting
35:30 Gold Mining
36:22 Wheelbarrow
35:32 Town Watch
35:54 Heavy Plow
39:38 Padded Archer Armor
39:29 Fletching
VkA | 侍
6:40 Loom
9:13 Feudal Age
9:46 Double-Bit Axe
13:48 Fletching
17:25 Padded Archer Armor
23:01 Castle Age
21:13 Gold Mining
23:15 Wheelbarrow
23:05 Crossbowman
23:41 Horse Collar
24:39 Bodkin Arrow
26:06 Leather Archer Armor
27:29 Bow Saw
30:19 Ballistics
36:32 Imperial Age
34:18 Hand Cart
35:40 Stone Mining
36:27 Gold Shaft Mining
36:36 Arbalester
37:53 Bracer
39:09 Ring Archer Armor
40:52 Chemistry
VkA | Leite Ninho
7:12 Loom
9:20 Feudal Age
9:52 Double-Bit Axe
16:20 Fletching
23:28 Castle Age
21:39 Padded Archer Armor
23:42 Crossbowman
24:29 Bodkin Arrow
25:29 Scale Mail Armor
26:17 Wheelbarrow
25:54 Bow Saw
26:22 Forging
37:06 Iron Casting
37:27 Horse Collar
39:16 Chain Mail Armor
39:20 Squires
39:05 Arson
39:25 Squires
Connection lost

Rejoining the realm…

Still unreachable

The connection could not be restored.

Session expired

The server has moved on; the page needs a fresh start.